 Dungeon Crawl Stone Soup version 0.20.1-1-g8b1a95d (webtiles) character file.

16 Folque the Magician (level 2, -1/18 HPs)
             Began as an Octopode Wizard on Dec 9, 2017.
             Killed from afar by Natasha (8 damage)
             ... with a magic dart
             ... on level 2 of the Dungeon.
             The game lasted 00:02:59 (1110 turns).

Folque the Magician (Octopode Wizard)               Turns: 1110, Time: 00:03:00

Health: -1/18      AC:  1    Str:  6    XL:     2   Next: 58%
Magic:  1/6        EV: 13    Int: 20    God:
Gold:   73         SH:  0    Dex: 10    Spells: 2/7 levels left

rFire    . . .     SeeInvis .   i - +0 whip
rCold    . . .     Gourm    .   (no shield)
rNeg     . . .     Faith    .   a - +0 hat
rPois    .         Spirit   .   (no amulet)
rElec    .         Reflect  .   (no ring)
rCorr    .         Harm     .   (no ring)
MR       .....                  (no ring)
Stlth    +++.......             (no ring)
Regen    0.1/turn               (no ring)
MPRegen  0.1/turn               (no ring)
                                (no ring)
                                (no ring)

@: no status effects
A: almost no armour, stealthy swim, amphibious, 8 rings, constrict 8, camouflage
1, gelatinous body 1
a: no special abilities


You were on level 2 of the Dungeon.
You were not hungry.

You visited 1 branch of the dungeon, and saw 2 of its levels.

You collected 73 gold pieces.

Inventory:

Hand Weapons
 i - a +0 whip (weapon)
Armour
 a - a +0 hat (worn)
 j - a +0 shield
Scrolls
 e - a scroll of recharging {unknown}
 h - 2 scrolls of blinking {unknown}
 l - a scroll of remove curse {unknown}
Potions
 d - a potion of cancellation {unknown}
 g - a potion of curing {unknown}
Books
 b - a book of Minor Magic

   Spells                             Type                      Level
   a - Magic Dart                     Conjuration                  1
   b - Blink                          Translocation                2
   c - Call Imp                       Summoning                    2
   d - Slow                           Hexes                        2
   e - Conjure Flame                  Conjuration/Fire             3
   f - Mephitic Cloud                 Conjuration/Poison/Air       3
 f - a book of Cantrips

   Spells                             Type                      Level
   a - Confusing Touch                Hexes                        1
   b - Animate Skeleton               Necromancy                   1
   c - Summon Small Mammal            Summoning                    1
   d - Apportation                    Translocation                1
Comestibles
 c - 2 bread rations
 k - 4 fruits


   Skills:
 * Level 1.6 Fighting
 - Level 2.0 Dodging
 - Level 2.6 Stealth
 + Level 3.2 Spellcasting
 - Level 1.0 Conjurations
 - Level 1.0 Summonings
 - Level 1.0 Translocations


You had 2 spell levels left.
You knew the following spells:

 Your Spells              Type           Power        Failure   Level  Hunger
a - Magic Dart            Conj           #...         10%         1    None
b - Call Imp              Summ           #.......     14%         2    ##.....
c - Blink                 Tloc           N/A          14%         2    ##.....


Dungeon Overview and Level Annotations

Branches:
Dungeon (2/15)

Altars:

Annotations:
D:2 Natasha


Innate Abilities, Weirdness & Mutations

You cannot wear most types of armour.
You are very stealthy in the water. (Stealth+)
You are amphibious.
You can wear up to eight rings at the same time.
You can use your tentacles to constrict eight enemies at once.
Your skin changes colour to match your surroundings (Stealth+).
Your rubbery body absorbs attacks. (AC +1, EV +1)


Message History

Your white imp hits Natasha but does no damage.
Natasha casts a spell.
The puff of frost hits the iron imp.
The iron imp resists.
You see here a kobold corpse.
You swap places.
Your crimson imp closely misses Natasha.
Natasha claws your crimson imp.
Your crimson imp barely misses Natasha.
Natasha mumbles some strange words.
You feel disoriented. Natasha claws your crimson imp.
Your crimson imp closely misses Natasha.
Found 10 gold pieces.
Natasha closely misses your crimson imp.
Your crimson imp barely misses Natasha.
You start resting.
Eating a chunk of flesh.
You eat the chunk of flesh.
This raw flesh tastes terrible.
You hit Natasha but do no damage. Your grab misses Natasha.
Natasha stares at you and mumbles some strange words.
The magic dart hits you!
You die...

#..##### #..#...
#..#.#
###.##....###
#...........#
#...###.###.##
#.......##...######
#...##............#
.. #@###...####.#
#...##h####.## #.#
.$.........5.# #.#
##...##.####h# #.#
#.. #.# #.## #.# #.
#.####5.# #.# #
......5.5# #h#
....5....####.#
##............#


You could see Natasha.

Vanquished Creatures
  A dart slug (D:1)
  2 leopard geckos
  2 goblins (D:1)
  4 kobolds
  A bat (D:1)
  A frilled lizard (D:1)
  2 rats (D:1)
13 creatures vanquished.

Notes
Turn   | Place    | Note
-------+----------+-------------------------------------------
     0 | D:1      | Folque the Octopode Wizard began the quest for the Orb.
     0 | D:1      | Reached XP level 1. HP: 11/11 MP: 4/4
   399 | D:1      | Reached skill level 1 in Fighting
   399 | D:1      | Reached XP level 2. HP: 15/18 MP: 6/6
   992 | D:2      | Noticed Natasha
   998 | D:2      | Learned a level 2 spell: Call Imp
  1006 | D:2      | Learned a level 2 spell: Blink
  1095 | D:2      | Noticed a crimson imp
  1101 | D:2      | Noticed a crimson imp
  1110 | D:2      | Killed from afar by Natasha

Skill      XL: |  1 |
---------------+----+-----
Fighting       | 1 |  1.6
Dodging        | |  2.0
Stealth        | |  2.6
Spellcasting   | |  3.2
Conjurations   | |  1.0
Summonings     | |  1.0
Translocations | |  1.0

Action                   || total
-------------------------++-------
Melee: Unarmed           ||     7
       Constrict         ||     6
       Whip              ||    27
       Tentacles         ||     3
 Cast: Magic Dart        ||     4
       Call Imp          ||     3
 Stab: Sleeping          ||     4
  Eat: Chunk             ||     1
Armor: Skin              ||     1
Dodge: Dodged            ||    15
